 Dungeon Crawl Stone Soup version 0.29.1-12-g30fa7ad0bf (webtiles) character file.

Game seed: 15356532107352374153

598966 Fronk the Slayer (level 26, -5/285 (309) HPs)
             Began as a Demonspawn Berserker on Jan 4, 2023.
             Was the Champion of Trog.
             Killed from afar by an eidolon (51 damage)
             ... with a bolt of negative energy
             ... on level 5 of a ziggurat on Jan 6, 2023.
             The game lasted 06:04:36 (78544 turns).

Fronk the Slayer (Demonspawn Berserker)            Turns: 78544, Time: 06:04:37

HP:   -5/285 (309)  AC: 46    Str: 39    XL:     26   Next: 43%
MP:   23/23         EV:  8    Int: 24    God:    Trog [******]
Gold: 4943          SH: 35    Dex: 12    Spells: 25/25 levels left

rFire   + . .      SeeInvis +   a - +12 war axe of Koagge {vorpal, rPois Str+5 Dex-4 SInv}
rCold   + + .      Faith    .   l - +7 tower shield {reflect}
rNeg    . . .      Spirit   .   d - +12 crystal plate armour "Cagal" {rC+ Str+2 Int+3}
rPois   +          Reflect  +   u - +2 helmet
rElec   .          Harm     .   W - scarf {rC+ rF+}
rCorr   +          Rampage  .   h - +2 pair of gloves "Qagusaac" {Dex+3}
Will    +++..                   (boots unavailable)
Stlth   ..........              e - amulet "Ujisieti" {+Inv Regen+ Int+3 Slay+2}
HPRegen 2.37/turn               y - ring of Royalty {Fly rCorr Int+4 SInv}
MPRegen 0.18/turn               o - ring "Cicyrana" {Str+6 Slay+6}

@: berserking, strong-willed, flying, regenerating, drained, unable to drink,
very quick
A: hooves 3, large bone plates 3, foul stench 3, black mark, demonic magic 3,
bedeviling, aura of silence, clever 1, frail 1, mutation resistance 1, wild
magic 1, inability to drink after injury 1
}: 3/15 runes: serpentine, barnacled, silver
a: Renounce Religion, Evoke Invisibility, Berserk, Trog's Hand, Brothers in Arms


You were on level 5 of a ziggurat.
You worshipped Trog.
Trog was exalted by your worship.
You visited 11 branches of the dungeon, and saw 49 of its levels.
You visited the Abyss 2 times.
You visited 1 bazaar.
You visited 1 ziggurat, and saw 5 of its levels.
You also visited: Ice Cave.

You collected 8134 gold pieces.
You spent 3191 gold pieces at shops.

Inventory:

Hand Weapons
 a - the +12 war axe of Koagge (weapon) {vorpal, rPois Str+5 Dex-4 SInv}
   (Trog gifted it to you on level 2 of the Depths)

   It inflicts extra damage upon your enemies.
   Str:       It affects your strength (+5).
   Dex:       It affects your dexterity (-4).
   rPois:     It protects you from poison.
   SInv:      It lets you see invisible.
 b - the +8 scimitar of Conservatism {vorpal, rC+ SInv}
   (You bought it in a shop on level 9 of the Dungeon)

   It inflicts extra damage upon your enemies.
   rC:        It protects you from cold.
   SInv:      It lets you see invisible.
 k - a +2 vampiric trident
 n - the +7 great mace "Firestarter" {inner flame, rF++}
   (You found it on level 2 of the Depths)

   It burns those it strikes, dealing additional fire damage.
   It fills those it strikes with an explosive inner flame.
   It grants immunity to clouds of flame.
   rF:        It greatly protects you from fire.
 p - the +5 battleaxe of Massacring {drain, rF+ Int+5 Dex+3}
   (You took it off an ironbound preserver on level 1 of the Vaults)

   A truly terrible weapon, it drains the life of any living foe it strikes.
   Int:       It affects your intelligence (+5).
   Dex:       It affects your dexterity (+3).
   rF:        It protects you from fire.
 U - a +7 executioner's axe
Armour
 d - the +12 crystal plate armour "Cagal" (worn) {rC+ Str+2 Int+3}
   (You acquired it on level 2 of the Lair of Beasts)

   Str:       It affects your strength (+2).
   Int:       It affects your intelligence (+3).
   rC:        It protects you from cold.
 h - the +2 pair of gloves "Qagusaac" (worn) {Dex+3}
   (You found it on level 1 of the Shoals)

   Dex:       It affects your dexterity (+3).
 l - a +7 tower shield of reflection (worn)
 u - a +2 helmet (worn)
 W - a scarf of resistance (worn)
Jewellery
 e - the amulet "Ujisieti" (around neck) {+Inv Regen+ Int+3 Slay+2}
   (You found it on level 2 of the Vaults)

   [amulet of regeneration]

   Int:       It affects your intelligence (+3).
   Slay:      It affects your accuracy & damage with ranged weapons and melee
   (+2).
   +Inv:      It lets you turn invisible.
   Regen:     It increases your rate of health regeneration.
 m - a ring of positive energy
 o - the ring "Cicyrana" (right hand) {Str+6 Slay+6}
   (You found it on level 2 of the Depths)

   [ring of strength]

   Str:       It affects your strength (+6).
   Slay:      It affects your accuracy & damage with ranged weapons and melee
   (+6).
 y - the ring of Royalty (left hand) {Fly rCorr Int+4 SInv}
   (You found it on level 5 of the Vaults)

   [ring of flight]

   Int:       It affects your intelligence (+4).
   SInv:      It lets you see invisible.
   Fly:       It grants you flight.
   rCorr:     It protects you from acid and corrosion.
 M - the ring "Boudurry" {+Blink rF+ rCorr MP-9 Str+2 SInv}
   (You found it on level 1 of the Crypt)

   [ring of protection from fire]

   Str:       It affects your strength (+2).
   rF:        It protects you from fire.
   MP:        It affects your magic capacity (-9).
   SInv:      It lets you see invisible.
   +Blink:    It lets you blink.
   rCorr:     It protects you from acid and corrosion.
 V - the ring "Nuxa Woo" {rC+ Will+}
   (You took it off an ancient champion on level 3 of the Crypt)

   [ring of willpower]

   rC:        It protects you from cold.
   Will:      It increases your willpower.
Wands
 q - a wand of mindburst (14)
 r - a wand of roots (28)
 s - a wand of paralysis (50)
 A - a wand of flame (30)
 F - a wand of quicksilver (31)
 I - a wand of digging (22)
Scrolls
 f - 6 scrolls of magic mapping
 g - 10 scrolls of fog
 j - a scroll of poison
 v - 5 scrolls of summoning
 D - 2 scrolls of silence
 G - 19 scrolls of teleportation
 H - 11 scrolls of fear
 Z - 8 scrolls of blinking
Potions
 t - 2 potions of haste
 w - 22 potions of curing
 x - 10 potions of heal wounds
 z - 7 potions of might
 C - 2 potions of ambrosia
 K - 5 potions of flight
 N - 7 potions of invisibility
 P - 2 potions of berserk rage
 Q - 3 potions of cancellation
 R - 2 potions of resistance
 T - 2 potions of magic


   Skills:
 + Level 23.2 Fighting
 + Level 13.7 Long Blades
 + Level 22.2(22.9) Axes
 + Level 0.2(14.6) Maces & Flails
 + Level 10.1(17.4) Polearms
 + Level 0.3 Throwing
 * Level 19.8 Armour
 + Level 4.2 Dodging
 - Level 2.0 Stealth
 * Level 19.4 Shields
 * Level 13.1 Evocations


You had 25 spell levels left.
You didn't know any spells.
Your spell library contained the following spells:

 Spells                   Type           Power      Damage    Failure   Level
 Ignite Poison            Fire/Tmut/Pois 0%         N/A       100%        3
 Ignition                 Fire           0%         3d3       100%        8
 Fire Storm               Conj/Fire      0%         5d1       100%        9


Dungeon Overview and Level Annotations

Branches:
Dungeon (15/15)            Temple (0/1) D:6            Lair (5/5) D:11
 Shoals (4/4) Lair:3        Snake (4/4) Lair:3        Slime (0/5) Lair:5
    Orc (2/2) D:9             Elf (1/3) Orc:2        Vaults (5/5) D:13
  Crypt (3/3) Vaults:3       Tomb (1/3) Crypt:3      Depths (4/4) D:15
    Zot (5/5) Depths:4      IceCv (visited)

Altars:
Ashenzari
Dithmenos
Fedhas
Gozag
Hepliaklqana
Kikubaaqudgha
Makhleb
Qazlal
Yredelemnul
Jiyva

Shops:
D:1 *[*   D:9 [(   D:13 *   D:14 [?   Orc:2 ?====   Shoals:3 *   Snake:1 =:=
Snake:3 :(?   Depths:4 *

Portals:
Hell: Depths:1 Depths:2 Depths:3 Depths:4
Abyss: Depths:1 Depths:3
Pandemonium: Depths:2

Annotations:
Elf:1 6 runed translucent doors


Innate Abilities, Weirdness & Mutations

You have hooves in place of feet.
You are completely covered in large bone plates. (SH +8)
You frequently emit foul miasma when damaged in melee.
Your melee attacks may debilitate your foes.
Spells you cast and wands you use may paralyse nearby enemies.
Your hexes are more powerful.
You are surrounded by an aura of silence.
Your mind is acute. (Int +4, Str/Dex -1)
You are frail. (-10% HP)
You are somewhat resistant to further mutation.
Your spells are a little harder to cast, but a little more powerful.
You occasionally lose the ability to drink potions when taking damage.


Message History

The shadow dragon convulses!
Your body is wracked with pain!
* * * LOW HITPOINT WARNING * * *
You block the titan simulacrum's attack.
You cannot drink potions in your current state!
A red film seems to cover your vision as you go berserk!
You feel yourself moving faster!
You feel mighty!
The revenant's magic is no longer disrupted.
You block the eidolon's attack. x2; You block the revenant's attack.
The phantasmal warrior hits you but does no damage.
You block the eidolon's attack. x2; The revenant closely misses you.
You block the titan simulacrum's attack.
You hit the curse skull but do no damage.
You kick the curse skull!
You destroy the curse skull!
Trog accepts your kill.
The spectral floating eye disappears in a puff of smoke!
The phantasmal warrior disappears in a puff of smoke!
The freezing wraith disappears in a puff of smoke!
The titan simulacrum disappears in a puff of smoke!
The quicksilver dragon zombie disappears in a puff of smoke!
The mummy disappears in a puff of smoke!
The phantasmal warrior disappears in a puff of smoke!
The frost giant simulacrum disappears in a puff of smoke!
You hit the curse skull but do no damage.
You closely miss the eidolon. You miss the revenant.
The shadow dragon breathes negative energy at you.
The bolt of negative energy misses you. You block the eidolon's attack. x2
The revenant barely misses you.
You barely miss the curse skull. You kick the curse skull!
The curse skull is almost destroyed.
You slice the revenant!!
You destroy the revenant!
Trog accepts your kill.
Trog appreciates your killing of a magic user.
You slice the eidolon!!
You feel yourself speed up. You block the jiangshi's attack. x2
The eidolon stares piercingly at you. The bolt of negative energy hits you!!!
You feel drained.
You die...

▓▓▓▓▓▓▓▓▓
▓.......▓
▓▓▓▓.......▓▓▓▓
▓.......§.....▓
▓.....§§§V..)!▓
▓......§@z.!}∩▓
▓∩....§DZW.}$>▓
▓......§.§§./∩▓
▓...........?(▓
▓.............▓
▓▓▓▓.......▓▓▓▓
▓.......▓
▓▓▓▓▓▓▓▓▓


You could see a shadow dragon (unsilenced, catching breath), an eidolon
(unsilenced), a jiangshi (summoned), a curse skull (unsilenced) and a spriggan
defender skeleton (summoned).

Vanquished Creatures
  3 dread liches
  5 ancient liches
  5 orbs of fire
  A juggernaut (Depths:3)
  A royal mummy (Tomb:1)
  Boris (twice) (Vaults:3 Tomb:1)
  Vv (Crypt:1)
  Bai Suzhen (Vaults:2)
  A curse toe (Zot:5)
  6 Killer Klowns (Zot:5)
  Saint Roka (Vaults:4)
  5 golden dragons
  The ghost of Esecs the Devastator, a veteran GrEE of Lugonu (Crypt:1)
  A bone dragon (Crypt:3)
  The ghost of gargbit the Warrior, an adept OpFi of Ashenzari (Vaults:2)
  2 iron giants (Zig:4)
  Zenata (Crypt:2)
  A hellephant (Abyss:3)
  4 electric golems
  A shard shrike skeleton (Crypt:1)
  25 Orb Guardians (Zot:5)
  Jorgrun (Shoals:1)
  17 tentacled monstrosities
  4 liches
  6 titans
  2 quicksilver dragons
  10 sphinxes
  6 death cobs
  Frances (Shoals:1)
  A tentacled starspawn (Abyss:3)
  9 ancient champions
  The ghost of diceflayer the Marksdemonspawn, an adept DsHu of Okawaru (Shoals:1)
  14 shadow dragons
  8 tengu reavers
  4 draconian monks
  2 revenants
  Agnes (Snake:2)
  15 storm dragons
  7 fire giants
  8 nagarajas
  The ghost of Garym the Severer, a journeyman MiFi of Okawaru (Orc:2)
  An azure jelly (Zig:1)
  2 draconian knights
  5 draconian scorchers
  2 orc warlords
  5 iron dragons
  4 curse skulls
  7 ghost moths
  Louise (D:15)
  7 frost giants
  23 vault wardens
  A juggernaut zombie (Depths:2)
  2 deep elf sorcerers (Vaults:5)
  A spriggan defender (Depths:4)
  5 draconian annihilators
  5 caustic shrike skeletons (Crypt:3)
  A caustic shrike zombie (Depths:2)
  4 ghouls (Crypt:2)
  3 draconian shifters
  3 draconian stormcallers
  21 stone giants
  19 ironbound preservers
  17 ironbound thunderhulks
  A juggernaut skeleton (Depths:2)
  The ghost of Fronk the Eclecticist, a journeyman DrCj of Sif Muna (Lair:3)
  32 very ugly things
  2 bennus (Tomb:1)
  Nessos (Lair:4)
  5 vampire knights
  3 war gargoyles
  2 grey draconians (Depths:4)
  An eleionoma (Zig:3)
  A deep elf demonologist (Vaults:1)
  6 green draconians
  12 black draconians
  6 red draconians
  14 white draconians
  8 dire elephants
  A minotaur (Orc:2)
  7 purple draconians
  6 yellow draconians
  5 spark wasps
  A bunyip (Zig:3)
  An entropy weaver (Vaults:2)
  14 ettins
  6 crystal guardians
  An eidolon (Crypt:2)
  4 merfolk javelineers
  4 deep elf death magi
  A green death (Abyss:3)
  7 mummy priests
  7 fire dragons
  2 deep elf high priests
  11 merfolk impalers
  13 jiangshi
  A quicksilver dragon zombie (Crypt:1)
  15 yaktaur captains
  3 rakshasas
  11 great orbs of eyes
  A quicksilver dragon skeleton (Crypt:1)
  36 vault guards
  8 ice dragons
  A spriggan zombie (Depths:3)
  2 hell beasts
  8 hydras
  4 spriggan air magi
  4 salamander tyrants
  2 boulder beetles
  4 peacekeepers
  A spectral shadow dragon (Vaults:2)
  5 ironbound frosthearts
  A boulder beetle (shapeshifter) (Vaults:5)
  2 merfolk avatars
  4 spriggan skeletons
  A jorogumo (shapeshifter) (Vaults:4)
  15 anacondas
  6 ogre magi
  16 naga warriors
  15 centaur warriors
  3 death knights
  Erica (Lair:2)
  17 two-headed ogres
  2 spectral humans (Vaults:2)
  2 catoblepae
  A spectral stone giant (Vaults:2)
  5 merfolk aquamancers (Shoals:4)
  3 satyrs
  6 spriggan berserkers
  14 deep troll shamans
  16 death scarabs (Tomb:1)
  6 death yaks (Lair:5)
  3 deep troll earth magi
  2 fenstrider witch skeletons (Crypt:3)
  3 tengu warriors
  A titan zombie (Crypt:2)
  7 vampire magi
  A shock serpent (shapeshifter) (Vaults:5)
  A quicksilver ooze zombie (Crypt:2)
  10 naga sharpshooters
  2 hell knights
  8 shock serpents
  A deep elf knight (Vaults:5)
  Sonja (Lair:4)
  A fire crab (shapeshifter) (Vaults:5)
  A soul eater (Depths:2)
  A storm dragon zombie (Crypt:2)
  3 salamander mystics
  4 shadow wraiths
  A wretched star (Abyss:3)
  A spark wasp zombie (Depths:3)
  4 titan skeletons (Crypt:3)
  34 skeletal warriors
  2 storm dragon skeletons
  5 flayed ghosts
  6 iron trolls
  A ghost moth zombie (Crypt:3)
  10 naga ritualists
  A sea snake (shapeshifter) (Vaults:5)
  2 glowing orange brains
  10 spriggan simulacra
  53 deep trolls
  3 bog bodies
  9 sea snakes
  A tengu zombie (Depths:3)
  16 phantasmal warriors
  An obsidian statue (IceCv)
  A deep elf archer (Vaults:5)
  A bunyip skeleton (Crypt:1)
  2 orc knights
  15 ironbound convokers
  A lindwurm (shapeshifter) (Depths:2)
  2 golden dragon skeletons
  A sphinx zombie (Depths:2)
  8 wizards
  4 swamp dragons
  Pikel (D:7)
  2 deep elf zephyrmancers
  15 necromancers
  A wolf spider (Lair:5)
  3 anaconda skeletons
  6 lindwurms
  A deep elf pyromancer (Vaults:5)
  An iron dragon zombie (Depths:2)
  3 orc sorcerers
  14 fauns
  2 shadow dragon skeletons
  31 ugly things
  8 mana vipers
  6 cyclopes
  2 goliath frog skeletons
  12 salamanders
  A tengu skeleton (Depths:2)
  29 moths of wrath
  16 harpies
  17 manticores
  9 elephants
  A moth of wrath (shapeshifter) (Vaults:4)
  12 guardian serpents
  7 merfolk sirens
  A stone giant skeleton (Crypt:2)
  An iron dragon skeleton (Crypt:3)
  9 water nymphs
  A titan simulacrum (Vaults:2)
  37 black mambas
  2 gargoyles
  28 vault sentinels
  2 smoke demons (Abyss:3)
  2 centaur zombies
  3 human skeletons
  An orange demon (D:10)
  6 unseen horrors
  15 naga magi
  A dire elephant zombie (Crypt:1)
  20 cane toads
  Maggie (Lair:1)
  3 naga skeletons (Crypt:3)
  2 centaur skeletons (Crypt:3)
  4 rime drakes (Lair:5)
  4 freezing wraiths
  A hellwing (Depths:2)
  A kobold demonologist (D:11)
  8 guardian mummies
  28 yaktaurs
  A catoblepas skeleton (Crypt:2)
  8 komodo dragons
  7 ice devils
  3 tengu conjurers
  A mana viper zombie (Crypt:3)
  A golden dragon simulacrum (IceCv)
  An iron troll skeleton (Crypt:2)
  A red devil (Depths:2)
  2 alligator snapping turtle skeletons
  An ancient zyme (Abyss:3)
  23 merfolk
  2 harpy zombies
  5 trolls
  2 minotaur skeletons (Crypt:1)
  A merfolk (shapeshifter) (Vaults:4)
  A queen bee (shapeshifter) (D:13)
  A polar bear (Lair:3)
  23 blink frogs
  A hydra skeleton (Crypt:1)
  7 hornets
  An ettin zombie (Vaults:2)
  A raiju (shapeshifter) (D:15)
  51 slime creatures
  An elf zombie (Vaults:3)
  7 dream sheep (Lair:5)
  A frost giant simulacrum (Vaults:2)
  14 wind drakes
  A centaur simulacrum (Crypt:1)
  A jumping spider (shapeshifter) (Vaults:5)
  5 large abominations
  3 stone giant simulacra
  14 air elementals (Shoals:4)
  6 flying skulls (Tomb:1)
  13 snapping turtles
  3 spriggans
  Sigmund (D:6)
  An alligator skeleton (Crypt:2)
  2 shadows
  A naga simulacrum (Crypt:1)
  2 ettin skeletons
  17 water elementals
  A vampire (D:11)
  A ynoxinul (D:10)
  4 ushabtiu (Tomb:1)
  A jumping spider (Vaults:2)
  36 yaks
  18 wyverns
  6 wraiths
  2 dire elephant simulacra (IceCv)
  A hog (shapeshifter) (Abyss:3)
  A golden eye (shapeshifter) (D:13)
  5 chaos spawn (Depths:1)
  8 vampire mosquitoes
  6 basilisks
  4 black mamba skeletons
  4 steam dragons
  3 redbacks (Lair:5)
  A neqoxec (D:10)
  A steam dragon (shapeshifter) (Vaults:5)
  Menkaure (D:6)
  A yaktaur simulacrum (Vaults:2)
  6 minotaur simulacra (IceCv)
  4 wargs
  A harpy simulacrum (Crypt:2)
  45 nagas
  A naga (shapeshifter) (Vaults:5)
  4 acid dragons
  28 water moccasins
  A demonspawn skeleton (Crypt:3)
  Duvessa (D:6)
  5 small abominations
  2 floating eyes
  2 swamp drakes (Lair:5)
  A water nymph skeleton (Crypt:3)
  22 orc warriors
  2 alligator simulacra (IceCv)
  An ice beast (D:7)
  A glowing shapeshifter skeleton (Vaults:2)
  A sky beast (D:8)
  4 black bears
  5 boggarts (Vaults:2)
  2 ettin simulacra (Vaults:2)
  8 wolves (Lair:2)
  26 ogres
  An elephant skeleton (Crypt:1)
  8 centaurs
  A snapping turtle skeleton (Crypt:1)
  A phantom (D:4)
  2 kobold brigands
  Blork the orc (D:4)
  2 hog skeletons
  A gnoll sergeant (D:10)
  11 bullfrogs
  A rime drake skeleton (Crypt:2)
  An ogre simulacrum (Vaults:2)
  6 necrophages
  2 glowing shapeshifter simulacra
  5 scorpions
  9 deep troll simulacra (IceCv)
  A water moccasin skeleton (Crypt:1)
  Dowan (D:6)
  28 wights
  A human simulacrum (Vaults:2)
  7 killer bees
  A troll zombie (Crypt:2)
  A swamp dragon simulacrum (Crypt:2)
  3 lindwurm simulacra (IceCv)
  5 howler monkeys
  3 quasits
  11 orc priests
  A bullfrog skeleton (Crypt:1)
  4 hounds
  3 jellies
  6 iguanas
  Terence (D:3)
  11 orc wizards
  12 mummies (Tomb:1)
  11 gnolls
  4 adders
  A steam dragon skeleton (Crypt:3)
  A white imp (Abyss:3)
  2 ufetubi
  An iguana skeleton (Crypt:3)
  3 worms
  2 dart slugs (D:3)
  51 orcs
  4 ball pythons
  5 endoplasms
  3 giant cockroaches (D:4)
  9 hobgoblins
  13 kobolds
  4 quokkas
  5 bats
  5 frilled lizards
  12 goblins
  8 rats
  2 starspawn tentacles (Abyss:3)
2194 creatures vanquished.

Vanquished Creatures (collateral kills)
  2 blizzard demons (IceCv)
  2 golden dragon simulacra (IceCv)
  A dire elephant simulacrum (IceCv)
  2 minotaur simulacra (IceCv)
  An ettin simulacrum (IceCv)
8 creatures vanquished.

Vanquished Creatures (others)
  A deep elf knight (Vaults:5)
  A vault sentinel (Vaults:4)
  An orc wizard (Vaults:4)
  A bush (Lair:5)
  A fire vortex (Lair:2)
  71 fungi
  118 plants
  A starspawn tentacle (Abyss:3)
  3 toadstools (Depths:3)
  A withered plant (Shoals:2)
199 creatures vanquished.

Grand Total: 2401 creatures vanquished

Notes
Turn   | Place    | Note
-------+----------+-------------------------------------------
     0 | D:1      | Fronk the Demonspawn Berserker began the quest for the Orb.
     0 | D:1      | Reached XP level 1. HP: 18/18 MP: 1/1
   493 | D:1      | Found Kuecidar's Antique Armour Boutique.
   538 | D:1      | Gained mutation: You are partially covered in large bone
                  | plates. (SH +4) [demonic ancestry]
   538 | D:1      | Reached XP level 2. HP: 13/24 MP: 2/2
   767 | D:1      | Found Wisis's Assorted Antiques.
  1388 | D:1      | Found Voufe's Assorted Antiques.
  1911 | D:2      | Reached XP level 3. HP: 29/29 MP: 3/3
  2286 | D:2      | Found a faded altar of an unknown god.
  2710 | D:3      | Noticed Terence
  2719 | D:3      | Killed Terence
  2720 | D:3      | Reached XP level 4. HP: 34/35 MP: 4/4
  2751 | D:3      | Reached skill level 1 in Stealth
  3205 | D:3      | Reached ** piety under Trog
  3421 | D:4      | Noticed a phantom
  3432 | D:4      | Killed a phantom
  3433 | D:4      | Reached skill level 1 in Shields
  3433 | D:4      | Gained mutation: You are mostly covered in large bone
                  | plates. (SH +6) [demonic ancestry]
  3433 | D:4      | Reached XP level 5. HP: 42/42 MP: 5/5
  3576 | D:4      | Gained mutation: Spells you cast may paralyse adjacent
                  | enemies. [demonic ancestry]
  3576 | D:4      | Reached XP level 6. HP: 48/48 MP: 6/6
  3642 | D:4      | Reached skill level 4 in Fighting
  3642 | D:4      | Reached skill level 5 in Axes
  3675 | D:5      | Entered Level 5 of the Dungeon
  3777 | D:5      | Identified the +2 robe of Purpose {Harm rN+ Will+ Int-4}
  3888 | D:4      | Noticed Blork the orc
  3901 | D:4      | Killed Blork the orc
  4236 | D:5      | Gained mutation: You have large cloven feet. [demonic
                  | ancestry]
  4236 | D:5      | Reached XP level 7. HP: 50/54 MP: 7/7
  5167 | D:6      | Reached XP level 8. HP: 61/61 MP: 8/8
  5410 | D:6      | Noticed Dowan
  5411 | D:6      | Noticed Duvessa
  5438 | D:6      | Killed Duvessa
  5443 | D:6      | Killed Dowan
  5628 | D:6      | Reached skill level 5 in Fighting
  5755 | D:6      | Reached skill level 5 in Armour
  5810 | D:6      | Noticed Sigmund
  5816 | D:6      | Killed Sigmund
  5964 | D:6      | Found a staircase to the Ecumenical Temple.
  6123 | D:6      | Reached XP level 9. HP: 67/68 MP: 9/9
  6145 | D:6      | Noticed Menkaure
  6152 | D:6      | Killed Menkaure
  6477 | D:6      | Noticed a deep elf zephyrmancer
  6481 | D:6      | Killed a deep elf zephyrmancer
  6482 | D:6      | Reached skill level 1 in Polearms
  6766 | D:7      | Reached skill level 6 in Fighting
  7516 | D:7      | Noticed Pikel
  7522 | D:7      | Killed Pikel
  7645 | D:8      | Reached XP level 10. HP: 77/77 MP: 3/10
  8052 | D:7      | Reached *** piety under Trog
  8585 | D:9      | Reached skill level 7 in Fighting
  8620 | D:8      | Noticed a two-headed ogre
  8628 | D:8      | Killed a two-headed ogre
  8925 | D:8      | Found a basalt altar of Yredelemnul.
  9218 | D:10     | Entered Level 10 of the Dungeon
  9223 | D:10     | Gained mutation: Your magical capacity is low. (-10% MP) [a
                  | neqoxec]
  9573 | D:10     | HP: 2/118 [ice devil (13)]
 10226 | D:10     | Found a burning altar of Makhleb.
 10229 | D:10     | Found a broken altar of Ashenzari.
 10232 | D:10     | Found a hazy altar of Hepliaklqana.
 10235 | D:10     | Found a blossoming altar of Fedhas.
 10240 | D:10     | Identified the +1 scale mail "Ypruofil" {Regen+}
 10344 | D:10     | Noticed an orange demon
 10367 | D:11     | Noticed a cyclops
 10370 | D:11     | Identified the +1 ring mail "Puafixt" {rN++}
 10376 | D:11     | Killed a cyclops
 10388 | D:11     | Reached skill level 5 in Shields
 10411 | D:11     | Gained mutation: You may rarely emit foul miasma when
                  | damaged in melee. [demonic ancestry]
 10411 | D:11     | Reached XP level 11. HP: 28/85 MP: 9/9
 10655 | D:10     | Reached skill level 5 in Polearms
 11330 | D:11     | Reached skill level 8 in Fighting
 11589 | D:12     | Noticed a centaur warrior
 11615 | D:11     | Found a staircase to the Lair.
 11628 | Lair:1   | Entered Level 1 of the Lair of Beasts
 11700 | Lair:1   | Noticed Maggie
 11712 | Lair:1   | HP: 1/86 [komodo dragon (14)]
 12213 | Lair:1   | Killed Maggie
 12323 | Lair:1   | Reached skill level 10 in Axes
 12946 | Lair:1   | Gained mutation: You have hoof-like feet. [demonic
                  | ancestry]
 12946 | Lair:1   | Reached XP level 12. HP: 72/94 MP: 3/10
 13194 | Lair:2   | Reached skill level 9 in Fighting
 13258 | Lair:3   | Noticed Fronk's ghost (journeyman DrCj)
 13258 | Lair:3   | Found a runed translucent door.
 13496 | Lair:2   | Noticed Erica
 13519 | Lair:2   | Killed Erica
 14599 | Lair:3   | Found a staircase to the Snake Pit.
 14663 | Lair:3   | Identified 2 scrolls of acquirement
 14664 | Lair:3   | Acquired a scarf of resistance
 14776 | Lair:2   | Acquired the +12 crystal plate armour "Cagal" {rC+ Str+2
                  | Int+3}
 15271 | Lair:3   | Found a staircase to the Shoals.
 15540 | Lair:3   | Identified the +2 ring mail "Fuirenui" {Harm rPois Int-4
                  | Stlth+}
 15770 | Lair:3   | Noticed a seven-headed hydra
 15778 | Lair:3   | Killed a seven-headed hydra
 15779 | Lair:3   | Reached skill level 10 in Armour
 15807 | Lair:3   | Noticed a catoblepas
 15816 | Lair:3   | Killed a catoblepas
 15817 | Lair:3   | Gained mutation: You sometimes emit foul miasma when
                  | damaged in melee. [demonic ancestry]
 15817 | Lair:3   | Reached XP level 13. HP: 103/103 MP: 11/11
 16105 | Lair:3   | Killed Fronk's ghost
 16159 | Lair:4   | Reached skill level 10 in Fighting
 16168 | Lair:5   | Entered Level 5 of the Lair of Beasts
 16312 | Lair:4   | Noticed Nessos
 16327 | Lair:4   | Killed Nessos
 16722 | Lair:4   | Noticed Sonja
 16752 | Abyss:1  | Cast into level 1 of the Abyss (Sonja)
 16803 | Abyss:1  | Found a candlelit altar of Ignis.
 16805 | Lair:4   | Escaped the Abyss
 16821 | Lair:4   | Killed Sonja
 18455 | Lair:5   | Found a staircase to the Slime Pits.
 18455 | Lair:5   | Found a viscous altar of Jiyva.
 18677 | Lair:5   | Gained mutation: You frequently emit foul miasma when
                  | damaged in melee. [demonic ancestry]
 18677 | Lair:5   | Reached XP level 14. HP: 111/111 MP: 12/12
 18715 | Lair:5   | Reached **** piety under Trog
 19375 | Lair:5   | Identified the +1 robe "Hucsusme" {Contam rF++ rN+}
 21606 | D:9      | Found a staircase to the Orcish Mines.
 21608 | D:9      | Found Tuuraa's Armour Boutique.
 22010 | D:9      | Found Kaonoop's Antique Weapon Shop.
 22015 | D:9      | Bought a fading scimitar for 216 gold pieces
 22015 | D:9      | Identified the +8 scimitar of Conservatism {vorpal, rC+
                  | SInv} (You bought it in a shop on level 9 of the Dungeon)
 22247 | Orc:1    | Entered Level 1 of the Orcish Mines
 22268 | Orc:2    | Entered Level 2 of the Orcish Mines
 22542 | Orc:1    | Reached skill level 11 in Fighting
 22977 | D:1      | Bought a metallic pink potion for 21 gold pieces
 22977 | D:1      | Bought a bubbling emerald potion for 21 gold pieces
 22977 | D:1      | Bought a tiny amethyst amulet for 120 gold pieces
 23053 | D:1      | Bought a potion of curing for 54 gold pieces
 23053 | D:1      | Bought a scroll of teleportation for 54 gold pieces
 23508 | Orc:2    | Paralysed by something for 2 turns
 23513 | Orc:2    | Reached skill level 15 in Axes
 23866 | Orc:1    | Noticed an orc warlord
 23889 | Orc:2    | Killed an orc warlord
 24065 | Orc:2    | Reached ***** piety under Trog
 24570 | Orc:2    | Found Eskocuff's Jewellery Emporium.
 24590 | Orc:2    | Found a staircase to the Elven Halls.
 24602 | Elf:1    | Entered Level 1 of the Elven Halls
 24602 | Elf:1    | Found a runed translucent gate.
 24602 | Elf:1    | Found a runed translucent gate.
 24602 | Elf:1    | Found a runed translucent gate.
 24602 | Elf:1    | Found a runed translucent gate.
 24602 | Elf:1    | Found a runed translucent gate.
 24602 | Elf:1    | Found a runed translucent gate.
 24638 | Orc:2    | Reached XP level 15. HP: 111/119 MP: 13/13
 24704 | Orc:2    | Found a runed translucent gate.
 24704 | Orc:2    | Found a runed translucent gate.
 24706 | Orc:2    | Found a runed translucent gate.
 24708 | Orc:2    | Noticed Garym's ghost (journeyman MiFi)
 24720 | Orc:2    | Found Guch's Jewellery Boutique.
 24720 | Orc:2    | Found Buhecoc's Magic Scroll Shoppe.
 24721 | Orc:2    | Found Hepoph's Jewellery Emporium.
 24721 | Orc:2    | Found Cekinoz's Jewellery Boutique.
 24799 | Orc:2    | Bought a scroll of acquirement for 780 gold pieces
 24802 | Orc:2    | Acquired 812 gold pieces
 25437 | Orc:2    | Killed Garym's ghost
 26471 | D:13     | Found a gate to the Vaults.
 26521 | D:13     | Found Wiunu's Demolitions Depot.
 27358 | D:14     | Found Goak's Armour Emporium.
 27420 | D:14     | Identified the +2 buckler of Pyagg {rPois}
 27644 | D:14     | Found Icriutil's Magic Scroll Boutique.
 27647 | D:14     | Bought a scroll of teleportation for 48 gold pieces
 27647 | D:14     | Bought a scroll of blinking for 120 gold pieces
 27647 | D:14     | Bought a scroll of blinking for 120 gold pieces
 27818 | D:15     | Entered Level 15 of the Dungeon
 27985 | D:15     | Reached skill level 12 in Fighting
 28358 | D:15     | Found a staircase to the Depths.
 28374 | D:15     | Noticed Louise
 28388 | D:15     | Killed Louise
 29824 | Snake:1  | Entered Level 1 of the Snake Pit
 30036 | Snake:1  | Found a frozen archway.
 30042 | IceCv    | Entered an ice cave
 31323 | IceCv    | Reached XP level 16. HP: 129/129 MP: 14/14
 31899 | Snake:1  | Lost mutation: Your magical capacity is low. (-10% MP)
                  | [potion of mutation]
 31899 | Snake:1  | Gained mutation: Armour fits poorly on your strangely
                  | shaped body. [potion of mutation]
 31919 | Snake:1  | Found Tiocual's Jewellery Shop.
 31920 | Snake:1  | Found Rogreg's Book Emporium.
 31922 | Snake:1  | Found Atane's Jewellery Shop.
 32947 | Snake:2  | Reached skill level 10 in Polearms
 33444 | Snake:2  | Noticed Agnes
 33455 | Snake:2  | Killed Agnes
 33781 | Snake:2  | Reached skill level 13 in Fighting
 34649 | Snake:2  | Reached skill level 1 in Long Blades
 35975 | Snake:4  | Entered Level 4 of the Snake Pit
 37115 | Snake:3  | Lost mutation: Armour fits poorly on your strangely shaped
                  | body. [potion of mutation]
 37115 | Snake:3  | Gained mutation: You do not regenerate when monsters are
                  | visible. [potion of mutation]
 37115 | Snake:3  | Gained mutation: You are resistant to electric shocks.
                  | (rElec) [potion of mutation]
 37115 | Snake:3  | Gained mutation: You have hooves in place of feet. [potion
                  | of mutation]
 37142 | Snake:3  | Found Huwitas's Book Emporium.
 37146 | Snake:3  | Found Suicuos's Antique Weapon Shoppe.
 37147 | Snake:3  | Found Ihiyhef's Magic Scroll Emporium.
 37152 | Snake:3  | Bought a crude long sword for 238 gold pieces
 37152 | Snake:3  | Identified the +5 long sword of Tenacity {venom, Dex+2}
                  | (You bought it in a shop on level 3 of the Snake Pit)
 37152 | Snake:3  | Bought a fine scimitar for 252 gold pieces
 37152 | Snake:3  | Identified the +10 scimitar of Deismabi {protect, rC+
                  | Str+3} (You bought it in a shop on level 3 of the Snake
                  | Pit)
 37170 | Snake:3  | Bought a scroll of identify for 26 gold pieces
 37170 | Snake:3  | Bought a scroll of identify for 26 gold pieces
 37775 | Snake:3  | Reached skill level 5 in Long Blades
 38402 | Snake:4  | Found a basalt altar of Yredelemnul.
 38991 | Snake:4  | Reached XP level 17. HP: 137/137 MP: 17/17
 39107 | Snake:4  | Lost mutation: You have hooves in place of feet. [potion of
                  | mutation]
 39107 | Snake:4  | Lost mutation: You do not regenerate when monsters are
                  | visible. [potion of mutation]
 39107 | Snake:4  | Gained mutation: You are covered in fur. (AC +1) [potion of
                  | mutation]
 39107 | Snake:4  | Gained mutation: Potions are less effective at restoring
                  | your health. [potion of mutation]
 39107 | Snake:4  | Gained mutation: You are agile. (Dex +4, Str/Int -1)
                  | [potion of mutation]
 41090 | Snake:4  | Got a serpentine rune of Zot
 41228 | Snake:4  | Reached skill level 14 in Fighting
 41228 | Snake:4  | Reached skill level 10 in Shields
 42223 | Vaults:1 | Entered Level 1 of the Vaults
 42244 | Vaults:1 | Received a gift from Trog
 42924 | Abyss:3  | Cast into level 3 of the Abyss (tengu reaver)
 42947 | Abyss:3  | Noticed a lich
 42951 | Abyss:3  | Killed a lich
 42990 | Abyss:3  | Noticed a hellephant
 43019 | Abyss:3  | Killed a hellephant
 43020 | Abyss:3  | Gained mutation: Spells you cast may paralyse nearby
                  | enemies. [demonic ancestry]
 43020 | Abyss:3  | Reached XP level 18. HP: 94/147 MP: 18/18
 43213 | Vaults:1 | Escaped the Abyss
 43589 | Vaults:1 | Reached skill level 15 in Fighting
 44775 | Vaults:1 | Reached skill level 10 in Long Blades
 45380 | Vaults:2 | Identified the +5 battleaxe of Massacring {drain, rF+ Int+5
                  | Dex+3}
 46871 | Vaults:2 | Received a gift from Trog
 47156 | Vaults:2 | Reached skill level 16 in Fighting
 47614 | Vaults:2 | Found a runed translucent gate.
 47615 | Vaults:2 | Found a runed translucent gate.
 47615 | Vaults:2 | Found a runed translucent gate.
 47642 | Vaults:2 | Gained mutation: Your hexes are more powerful. [demonic
                  | ancestry]
 47642 | Vaults:2 | Reached XP level 19. HP: 149/157 MP: 19/19
 47685 | Vaults:2 | Noticed Bai Suzhen
 47704 | Vaults:2 | Killed Bai Suzhen
 48403 | Vaults:2 | Received a gift from Trog
 48887 | Vaults:2 | Noticed gargbit's ghost (adept OpFi)
 48907 | Vaults:2 | Killed gargbit's ghost
 49257 | Vaults:2 | Identified the amulet "Ujisieti" {+Inv Regen+ Int+3 Slay+2}
 49454 | Vaults:4 | Found a flickering gateway to a bazaar.
 49464 | Bazaar   | Entered a bazaar
 49481 | Bazaar   | Found Naghuluo's Antique Weapon Emporium.
 49482 | Bazaar   | Found Upna Vung's General Store.
 49527 | Bazaar   | Found Qookhly's Magic Scroll Shoppe.
 49527 | Bazaar   | Found Zufekuj's Weapon Shoppe.
 49535 | Bazaar   | Bought a scroll of magic mapping for 97 gold pieces
 49535 | Bazaar   | Bought a scroll of teleportation for 39 gold pieces
 49535 | Bazaar   | Bought a scroll of enchant armour for 97 gold pieces
 49535 | Bazaar   | Bought a scroll of magic mapping for 97 gold pieces
 49535 | Bazaar   | Bought a scroll of teleportation for 39 gold pieces
 49692 | Vaults:3 | Noticed Boris
 49701 | Vaults:3 | Reached skill level 17 in Fighting
 49708 | Vaults:3 | Killed Boris
 49729 | Vaults:3 | Received a gift from Trog
 50332 | Vaults:3 | Found a staircase to the Crypt.
 50348 | Crypt:1  | Entered Level 1 of the Crypt
 50378 | Crypt:1  | Found an ancient bone altar of Kikubaaqudgha.
 50394 | Crypt:1  | Identified the ring "Boudurry" {+Blink rF+ rCorr MP-9 Str+2
                  | SInv}
 50690 | Vaults:3 | Identified the +6 triple crossbow "Dragon's Bane" {elec,
                  | Drain rF+ rCorr Int+3}
 50928 | Vaults:4 | Gained mutation: Your melee attacks may debilitate your
                  | foes. [demonic ancestry]
 50928 | Vaults:4 | Reached XP level 20. HP: 57/170 MP: 11/20
 51040 | Vaults:4 | Reached skill level 1 in Evocations
 51149 | Vaults:4 | Noticed Saint Roka
 51215 | Vaults:4 | Killed Saint Roka
 51371 | Vaults:4 | Reached ****** piety under Trog
 51454 | Vaults:4 | Reached skill level 18 in Fighting
 51521 | Vaults:4 | Received a gift from Trog
 51585 | Vaults:4 | Reached skill level 15 in Armour
 51934 | Vaults:5 | Entered Level 5 of the Vaults
 52159 | Vaults:4 | Reached skill level 19 in Fighting
 52277 | Vaults:5 | Received a gift from Trog
 52280 | Vaults:5 | Noticed a dread lich
 52311 | Vaults:4 | Killed a dread lich
 53054 | Vaults:5 | Identified the +7 falchion "Durrul" {vorpal, *Slow rN+
                  | Str+3 Stlth+}
 53292 | Vaults:5 | Identified the amulet of Iduwkaud {Spirit Harm Stlth+}
 53294 | Vaults:5 | Gained mutation: You are surrounded by an aura of silence.
                  | [demonic ancestry]
 53294 | Vaults:5 | Reached XP level 21. HP: 111/181 MP: 12/21
 53614 | Vaults:5 | Reached skill level 5 in Evocations
 53623 | Vaults:5 | Received a gift from Trog
 53675 | Vaults:5 | Identified the +7 spear of Ecurypro {vorpal, Str+4 Int+4}
 53813 | Vaults:5 | Identified the +7 broad axe of Xanenouwn {pain, *Corrode
                  | Will+ Int+6}
 53947 | Vaults:5 | Identified the +1 scale mail of the Sneaky Dreams {Will+}
 53991 | Vaults:5 | Reached skill level 20 in Fighting
 54119 | Vaults:5 | Noticed an ancient lich
 54256 | Vaults:5 | Killed an ancient lich
 54260 | Vaults:5 | Identified the +1 leather armour "Mioprorch" {Will+ Str+3
                  | Int+2 Dex-3}
 54361 | Vaults:5 | Identified the ring of Royalty {Fly rCorr Int+4 SInv}
 54379 | Vaults:5 | Got a silver rune of Zot
 54780 | Crypt:1  | Received a gift from Trog
 55416 | Crypt:1  | Found a runed translucent door.
 55417 | Crypt:1  | Noticed Esecs's ghost (veteran GrEE)
 55470 | Crypt:1  | Killed Esecs's ghost
 55953 | Crypt:3  | Entered Level 3 of the Crypt
 56217 | Crypt:2  | Received a gift from Trog
 56332 | Crypt:2  | Noticed Zenata
 56783 | Crypt:2  | Killed Zenata
 56851 | Crypt:2  | Noticed Vv
 57042 | Crypt:1  | Killed Vv
 57367 | Crypt:2  | Reached XP level 22. HP: 191/192 MP: 13/22
 58338 | Crypt:3  | Found a staircase to the Tomb.
 58344 | Tomb:1   | Entered Level 1 of the Tomb of the Ancients
 58344 | Tomb:1   | Noticed Boris
 58373 | Tomb:1   | Killed Boris
 58959 | Crypt:3  | Identified the +1 morningstar of Foit {vorpal, Int+3}
 59465 | Crypt:3  | Identified the ring "Nuxa Woo" {rC+ Will+}
 59472 | Crypt:3  | Reached skill level 21 in Fighting
 59586 | Crypt:3  | Noticed a dread lich
 59617 | Crypt:3  | Killed a dread lich
 61026 | Tomb:1   | Noticed a royal mummy
 61032 | Tomb:1   | HP: 4/194 [bennu (20)]
 61453 | Tomb:1   | Killed a royal mummy
 62313 | Shoals:1 | Entered Level 1 of the Shoals
 62516 | Shoals:1 | Noticed Jorgrun
 62536 | Shoals:1 | Killed Jorgrun
 62888 | Shoals:1 | Noticed Frances
 62900 | Shoals:1 | Killed Frances
 62931 | Shoals:1 | Found a transporter.
 62935 | Shoals:1 | Noticed diceflayer's ghost (adept DsHu)
 62952 | Shoals:1 | Gained mutation: You have hooves in place of feet. [demonic
                  | ancestry]
 62952 | Shoals:1 | Reached XP level 23. HP: 118/201 MP: 14/23
 62957 | Shoals:1 | Found a transporter.
 62964 | Shoals:1 | Killed diceflayer's ghost
 63067 | Shoals:1 | Identified the +2 pair of gloves "Qagusaac" {Dex+3}
 63103 | Shoals:1 | Identified the +7 dire flail of the Median {vamp, Fragile
                  | Str+2 Int+2 Dex+4}
 63360 | Shoals:2 | Received a gift from Trog
 64423 | Shoals:3 | Found Odiex's General Store.
 64463 | Shoals:3 | Bought a potion of curing for 42 gold pieces
 64463 | Shoals:3 | Bought a potion of heal wounds for 70 gold pieces
 64463 | Shoals:3 | Bought a potion of haste for 140 gold pieces
 64463 | Shoals:3 | Bought a potion of curing for 42 gold pieces
 64550 | Shoals:4 | Entered Level 4 of the Shoals
 64747 | Shoals:4 | Found a stormy altar of Qazlal.
 65415 | Shoals:4 | Paralysed by an air elemental for 1 turns
 65531 | Shoals:4 | Paralysed by an air elemental for 1 turns
 65579 | Shoals:4 | Paralysed by an air elemental for 1 turns
 65592 | Shoals:4 | Paralysed by an air elemental for 1 turns
 65850 | Shoals:4 | Paralysed by an air elemental for 1 turns
 65883 | Shoals:4 | Paralysed by an air elemental for 1 turns
 65950 | Shoals:4 | Got a barnacled rune of Zot
 65969 | Shoals:4 | Lost mutation: Potions are less effective at restoring your
                  | health. [potion of mutation]
 65969 | Shoals:4 | Lost mutation: You are resistant to electric shocks.
                  | (rElec) [potion of mutation]
 65969 | Shoals:4 | Gained mutation: You are dopey. (Int -2) [potion of
                  | mutation]
 65969 | Shoals:4 | Lost mutation: You are dopey. (Int -2) [potion of mutation]
 65970 | Shoals:4 | Lost mutation: You are agile. (Dex +4, Str/Int -1) [potion
                  | of mutation]
 65970 | Shoals:4 | Lost mutation: You are covered in fur. (AC +1) [potion of
                  | mutation]
 65970 | Shoals:4 | Gained mutation: Your muscles are strong. (Str +4, Int/Dex
                  | -1) [potion of mutation]
 65970 | Shoals:4 | Gained mutation: You occasionally lose the ability to drink
                  | potions when taking damage. [potion of mutation]
 65970 | Shoals:4 | Gained mutation: You are agile. (Dex +4, Str/Int -1)
                  | [potion of mutation]
 65970 | Shoals:4 | Gained mutation: Your muscles are very strong. (Str +8,
                  | Int/Dex -2) [potion of mutation]
 65995 | Shoals:4 | Got the Vellum of Pyromania
 66042 | Shoals:4 | Received a gift from Trog
 66044 | Shoals:4 | Paralysed by an air elemental for 1 turns
 66063 | Shoals:4 | HP: 15/303 [poisoned by a merfolk impaler]
 66069 | Shoals:4 | HP: 14/303 [poisoned by a merfolk impaler]
 66213 | Shoals:4 | Paralysed by an air elemental for 1 turns
 66291 | Shoals:4 | Found a stormy altar of Qazlal.
 67204 | Depths:1 | Entered Level 1 of the Depths
 67369 | Depths:1 | Found a gateway to Hell.
 67436 | Depths:1 | Found an opulent altar of Gozag.
 67558 | Depths:1 | Received a gift from Trog
 67570 | Depths:1 | Found a one-way gate to the infinite horrors of the Abyss.
 68131 | Depths:2 | You are sucked into a shaft and drop 2 floors!
 68131 | Depths:4 | Entered Level 4 of the Depths
 68210 | Depths:3 | Found a broken altar of Ashenzari.
 68498 | Depths:2 | Found a one-way gateway to a ziggurat.
 69041 | Depths:2 | Identified the +12 war axe of Koagge {vorpal, rPois Str+5
                  | Dex-4 SInv} (Trog gifted it to you on level 2 of the
                  | Depths)
 69041 | Depths:2 | Received a gift from Trog
 69042 | Depths:2 | Reached skill level 10 in Evocations
 69049 | Depths:2 | Reached skill level 22 in Fighting
 69140 | Depths:2 | Found a one-way gate leading to the halls of Pandemonium.
 69332 | Depths:2 | Gained mutation: Spells you cast and wands you use may
                  | paralyse nearby enemies. [demonic ancestry]
 69332 | Depths:2 | Reached XP level 24. HP: 199/210 MP: 23/23
 69425 | Depths:2 | Found the +7 great mace "Firestarter" {inner flame, rF++}
 69437 | Depths:2 | Identified the ring "Cicyrana" {Str+6 Slay+6}
 70380 | Depths:4 | Received a gift from Trog
 70534 | Depths:3 | Noticed a juggernaut
 70544 | Depths:3 | Killed a juggernaut
 70737 | Depths:3 | Paralysed by a floating eye for 4 turns
 70787 | Depths:3 | Identified the +9 chain mail of Yrpha {Fly rC+ Regen+}
 70972 | Depths:4 | Found Urchimpi's Changing Room.
 70980 | Depths:4 | Bought a potion of mutation for 144 gold pieces
 70980 | Depths:4 | Bought a potion of mutation for 144 gold pieces
 70980 | Depths:4 | Bought a potion of mutation for 144 gold pieces
 70980 | Depths:4 | Lost mutation: Your muscles are very strong. (Str +8,
                  | Int/Dex -2) [potion of mutation]
 70980 | Depths:4 | Lost mutation: Your muscles are strong. (Str +4, Int/Dex
                  | -1) [potion of mutation]
 70980 | Depths:4 | Lost mutation: You are agile. (Dex +4, Str/Int -1) [potion
                  | of mutation]
 70980 | Depths:4 | Gained mutation: You possess an exceptional clarity of
                  | mind. [potion of mutation]
 70980 | Depths:4 | Gained mutation: You are covered in fur. (AC +1) [potion of
                  | mutation]
 70981 | Depths:4 | Lost mutation: You are covered in fur. (AC +1) [potion of
                  | mutation]
 70981 | Depths:4 | Lost mutation: You occasionally lose the ability to drink
                  | potions when taking damage. [potion of mutation]
 70981 | Depths:4 | Gained mutation: You are somewhat resistant to further
                  | mutation. [potion of mutation]
 70981 | Depths:4 | Gained mutation: You are somewhat resistant to both further
                  | mutation and mutation removal. [potion of mutation]
 70982 | Depths:4 | Lost mutation: You possess an exceptional clarity of mind.
                  | [potion of mutation]
 70982 | Depths:4 | Lost mutation: You are somewhat resistant to both further
                  | mutation and mutation removal. [potion of mutation]
 71111 | Depths:4 | Lost mutation: You are somewhat resistant to further
                  | mutation. [potion of mutation]
 71111 | Depths:4 | Gained mutation: Your spells are a little harder to cast,
                  | but a little more powerful. [potion of mutation]
 71111 | Depths:4 | Gained mutation: You are somewhat resistant to further
                  | mutation. [potion of mutation]
 71111 | Depths:4 | Gained mutation: Your mind is acute. (Int +4, Str/Dex -1)
                  | [potion of mutation]
 71261 | Depths:4 | Found a shadowy altar of Dithmenos.
 71408 | Depths:4 | Reached skill level 15 in Shields
 71818 | Depths:4 | Found a gate to the Realm of Zot.
 71902 | Depths:4 | Identified the +2 pair of boots of Birdsong {rPois Str+3}
 72286 | Zot:1    | Entered Level 1 of the Realm of Zot
 72350 | Zot:1    | Received a gift from Trog
 73318 | Zot:2    | Reached XP level 25. HP: 153/219 MP: 23/23
 74304 | Zot:3    | Received a gift from Trog
 75588 | Zot:5    | Entered Level 5 of the Realm of Zot
 76103 | Zot:4    | Noticed an orb of fire
 76115 | Zot:4    | Killed an orb of fire
 76502 | Zot:5    | Noticed an orb of fire
 76517 | Zot:5    | Gained mutation: You are frail. (-10% HP) [an orb of fire]
 76523 | Zot:5    | Killed an orb of fire
 77057 | Zot:5    | Noticed a Killer Klown
 77073 | Zot:5    | Killed a Killer Klown
 77141 | Zot:5    | Noticed an ancient lich
 77153 | Zot:5    | Noticed an orb of fire
 77154 | Zot:5    | Killed an ancient lich
 77168 | Zot:5    | Killed an orb of fire
 77289 | Zot:5    | Noticed an ancient lich
 77305 | Zot:5    | Noticed a Killer Klown
 77318 | Zot:5    | Killed an ancient lich
 77320 | Zot:5    | Noticed a Killer Klown
 77320 | Zot:5    | Noticed an orb of fire
 77349 | Zot:5    | Gained mutation: You occasionally lose the ability to drink
                  | potions when taking damage. [an orb of fire]
 77354 | Zot:5    | Killed a Killer Klown
 77357 | Zot:5    | Killed an orb of fire
 77358 | Zot:5    | Reached skill level 23 in Fighting
 77395 | Zot:5    | Noticed a Killer Klown
 77418 | Zot:5    | Killed a Killer Klown
 77423 | Zot:5    | Killed a Killer Klown
 77424 | Zot:5    | Gained mutation: You are completely covered in large bone
                  | plates. (SH +8) [demonic ancestry]
 77424 | Zot:5    | Reached XP level 26. HP: 170/205 MP: 23/23
 77520 | Zot:5    | Noticed a dread lich
 77524 | Zot:5    | Noticed an ancient lich
 77525 | Zot:5    | Noticed an orb of fire
 77534 | Zot:5    | Paralysed by a dread lich for 3 turns
 77560 | Zot:5    | Killed an ancient lich
 77563 | Zot:5    | Killed an orb of fire
 77565 | Zot:5    | Noticed an ancient lich
 77578 | Zot:5    | Killed a dread lich
 77578 | Zot:5    | Killed an ancient lich
 77582 | Zot:5    | HP: 8/205 [Killer Klown/klown pie (34)]
 77584 | Zot:5    | HP: 3/205 [Killer Klown/klown pie (9)]
 78400 | Zig:1    | Entered Level 1 of a ziggurat
 78413 | Zig:2    | Entered Level 2 of a ziggurat
 78445 | Zig:3    | Entered Level 3 of a ziggurat
 78482 | Zig:4    | Entered Level 4 of a ziggurat
 78518 | Zig:4    | Identified the +5 ring mail of the Vestibule of Hell {Will+
                  | Int+4}
 78527 | Zig:5    | Entered Level 5 of a ziggurat
 78544 | Zig:5    | Killed from afar by an eidolon

Illustrated notes

Levels and vault maps discovered:
D:1:      elethiomel_arrival_maze, layout_loops_ring, serial_shops, shop,
          nicolae_shop_hallway_stairs, shop,
          wander_ebering_terrifying_dragon_lair
D:2:      layout_loops_ring, ebering_ecumenical_altar_ruins,
          minmay_misc_feat_four_crosses, dreamdust_princess_corridor
D:3:      layout_rooms, uniq_terence
D:4:      layout_basic, uniq_blork_the_orc
D:5:      layout_basic, nicolae_overflow_crystal_walls, cheibrodos_gnoll_hut
D:6:      layout_cave_pods, minmay_temple_entry_waves,
          guppyfry_early_elven_hall, uniq_menkaure, uniq_duvessa, uniq_sigmund
D:7:      layout_rooms, uniq_pikel
D:8:      layout_rooms, mainiacjoe_overflow_paths
D:9:      layout_stronghold, orc_david_3, serial_shops,
          nicolae_shop_hallway_plus, kennysheep_another_room
D:10:     layout_rooms, grunt_temple_overflow_cloverleaf, serial_demonic,
          serial_demonic_a, serial_demonic_b, serial_demonic_b,
          serial_demonic_d, lightli_bailey_entry_fortress,
          minmay_fractal_squares_gapless_5
D:11:     layout_small_grid, grunt_lair_entry_orc_guard_hut,
          minmay_misc_feat_tiny, dreamdust_princess_bridge
D:12:     layout_cross
D:13:     layout_long_grid, david_vaults_4, nicolae_blasting_shop
D:14:     layout_rooms, serial_shops, shop, kennysheep_mini, bh_walls_and_bars
D:15:     hangedman_depths_entry_civil_slaughter, layout_gridville,
          kennysheep_flooded_box, uniq_louise
Lair:1:   layout_regular_city, infiniplex_staircase_pool_2, uniq_maggie
Lair:2:   layout_gridlike, lemuel_centaur_altar, uniq_erica
Lair:3:   layout_loops_ring, elwin_shoals_entry_stream, dummy_snake_entry,
          gammafunk_ghost_grave, grunt_megastairs_2
Lair:4:   layout_gridlike, lemuel_fruit_tree, uniq_nessos, uniq_sonja
Lair:5:   guppyfry_lair_end_dragon, layout_loops_ring,
          hangedman_lair_tendril_chambers, slime_entry_1
Shoals:1: layout_shoals, gammafunk_ghost_berserking_beasts,
          nicolae_shoals_land_atoll, uniq_jorgrun, uniq_frances
Shoals:2: layout_shoals, argonaut_gorgonesque
Shoals:3: layout_shoals, serial_shops, nicolae_shop_crystal
Shoals:4: shoals_end_hellmonk_storm_palace [storm_palace_center_ruins,
          storm_palace_corner_blocked, storm_palace_corner_altar,
          storm_palace_corner_altar, storm_palace_corner_grid]
Snake:1:  layout_rooms, portal_ice_cave_entry_pillars_four, minmay_shop_grove
Snake:2:  layout_grid_maze, uniq_agnes
Snake:3:  layout_onion_interference, minmay_shop_star
Snake:4:  grunt_snake_rune_serpentine_throne, layout_cave_shapes, basic_altar,
          nicolae_fountain_basement
Orc:1:    layout_caves
Orc:2:    st_orc_ogre_mass, layout_caves, maelrawn_ghost_gauntlet_escape,
          serial_shops, nicolae_shop_stone, statue_in_the_mist_lemuel
Elf:1:    nicolae_elf_arrival_dilemma, layout_loops_corners, serial_glass,
          glass_columns_c, glass_columns_a, hangedman_corner_corridor
Vaults:1: nicolae_vaults_yaktaur_gun_rack, v_pattern_1, st_eye,
          vaults_dpeg_cross, v_misc_10, vaults_room_grunt_arrival_checkpoint,
          v_rooms_1, nicolae_vaults_network_star, vaults_dpeg_encased_lava,
          nicolae_vaults_little_squares_2, nicolae_vaults_little_squares_4,
          layout_vaults_maze_bifur
Vaults:2: gammafunk_ghost_necromancy, st_octagons_1,
          nicolae_vaults_twisting_passages, ontoclasm_vaults_ligature,
          nicolae_vaults_big_ls, ontoclasm_vaults_spin, v_alt_pattern_4,
          vaults_room_grid, grunt_vaults_funnel, v_misc_31,
          hangedman_vaults_nails, nicolae_vaults_asterisk,
          nicolae_vaults_little_squares_6, vaults_dpeg_doors,
          layout_vaults_omnicross, uniq_bai_suzhen
Vaults:3: grunt_vaults_trifunnel, dpeg_vaults_hating_casters,
          hangedman_vaults_trim, v_misc_9, vaults_mumra_lcd,
          ontoclasm_vaults_decontamination, nicolae_vaults_network_s,
          blue_anna_dwarven_crypt, hangedman_vaults_impose,
          layout_vaults_big_room, uniq_boris
Vaults:4: nicolae_vaults_little_squares_1, hangedman_vaults_hat,
          ontoclasm_vaults_misaligned, vaults_room_hallway,
          vaults_dpeg_diagonal, vaults_room_door_hall,
          ontoclasm_vaults_shuriken, ontoclasm_vaults_tryst,
          dpeg_vaults_monster_box, v_alt_pattern_2, v_misc_2, v_pattern_2,
          ontoclasm_vaults_gallery, layout_vaults_omnibox, serial_shops,
          bzr_entry_lakeside, uniq_saint_roka
Vaults:5
Crypt:1:  layout_rooms, gammafunk_ghost_grave, basic_altar
Crypt:2:  layout_chaotic_city, grunt_megastairs_1, uniq_vv, uniq_zenata
Crypt:3:  due_elkab, layout_chaotic_city, tomb_entry_shell_bobbens,
          moated_statue, uniq_grunn, uniq_margery
Tomb:1
Depths:1: minmay_inner_zag, layout_cave_shapes, minmay_misc_feat_encased,
          minmay_room_of_horrors, hell_entry, drop_trap, grunt_gozag_statues
Depths:2: minmay_the_grid_plus_closed [minmay_the_grid_armoury,
          minmay_the_grid_artifice, minmay_the_grid_minigrid_small_alt,
          minmay_the_grid_spin_star, minmay_the_grid_prize_trominoes],
          layout_cave_pools, enter_ziggurat_d, hell_entry,
          rand_demon_pan_entry_5, hangedman_decor_clover_reticule, zin_statuary
Depths:3: minmay_containers, layout_gridville, abyss_entry_small_statue_room,
          hell_entry, minmay_gold_behind_fungi, nicolae_ashenzari_panopticon
Depths:4: evilmike_zot_entry_gauntlet, layout_cave_pools,
          nicolae_dithmenos_shadow_blocks, grunt_hell_entry_dis_mu,
          chequers_serial_rivers_small_3, nicolae_transmutations_shop
Zot:1:    layout_basic
Zot:2:    layout_gridlike
Zot:3:    layout_basic, grunt_ministairs_5
Zot:4:    layout_gridlike
Zot:5:    layout_basic
Zig:5

Skill      XL: |  1  2  3  4  5  6  7  8  9 10 11 12 13 14 15 16 17 18 19 20 21 22 23 24 25 26 |
---------------+-------------------------------------------------------------------------------+-----
Axes           | 3 4 5 6 7 8 9 10 13 15 16 17 18 19 20 21 22 | 22.2
Armour         | 2 3 4 5 6 8 9 10 11 12 13 14 15 17 18 19 | 19.8
Dodging        | 2 3 4 |  4.2
Stealth        | 1 2 |  2.0
Shields        | 1 2 3 4 5 6 7 8 9 10 11 12 13 16 18 19 | 19.4
Fighting       | 4 5 6 7 8 9 10 11 12 13 14 16 17 19 20 21 22 23 | 23.2
Polearms       | 2 4 6 8 9 10 | 10.1
Long Blades    | 5 9 10 11 13 | 13.7
Evocations     | 4 6 8 10 11 12 13 | 13.1
Maces & Flails | |  0.2
Throwing       | |  0.3

Action                   |  1- 3 |  4- 6 |  7- 9 | 10-12 | 13-15 | 16-18 | 19-21 | 22-24 | 25-27 || total
-------------------------+-------+-------+-------+-------+-------+-------+-------+-------+-------++-------
Melee: Hand axe          |   130 |   140 |   142 |   112 |       |       |       |       |       ||   524
       Punch             |     1 |     1 |     2 |     3 |     1 |       |       |       |       ||     8
       Kick              |       |       |    56 |   173 |   424 |   651 |   624 |   517 |   333 ||  2778
       Halberd           |       |       |    34 |   478 |    62 |       |       |       |       ||   574
       Trident           |       |       |       |     6 |   212 |   258 |       |       |       ||   476
       Battleaxe         |       |       |       |       |   827 |   567 |  1051 |       |       ||  2445
       Scimitar          |       |       |       |       |     7 |   636 |   621 |   844 |       ||  2108
       War axe           |       |       |       |       |       |    16 |       |   501 |   594 ||  1111
       Spear             |       |       |       |       |       |       |    13 |       |       ||    13
       Executioner's axe |       |       |       |       |       |       |       |   906 |       ||   906
       Great mace        |       |       |       |       |       |       |       |       |     5 ||     5
Throw: Boomerang         |       |       |       |     2 |     2 |       |       |       |       ||     4
       Throwing net      |       |       |       |       |       |       |     1 |       |       ||     1
Invok: Berserk           |     4 |     4 |    17 |    22 |    17 |    19 |     8 |     7 |     2 ||   100
       Trog's Hand       |       |       |       |    12 |    27 |    31 |    30 |    36 |     8 ||   144
       Brothers in Arms  |       |       |       |       |       |     2 |     3 |       |       ||     5
 Abil: Evoke Blink       |       |       |       |       |       |       |     2 |     1 |       ||     3
Evoke: Wand              |       |       |       |       |       |       |     1 |     8 |     1 ||    10
  Use: Scroll            |       |     5 |     3 |    12 |    11 |    10 |     9 |     8 |     5 ||    63
       Potion            |       |       |     4 |     7 |     1 |     4 |     4 |    10 |     5 ||    35
 Stab: Sleeping          |     2 |       |       |       |       |       |       |       |       ||     2
       Confused          |       |       |       |       |     1 |       |       |       |       ||     1
       Distracted        |       |       |       |       |       |     2 |       |       |       ||     2
       Paralysed         |       |       |       |       |       |       |       |     1 |       ||     1
Armor: Animal skin       |    25 |       |       |       |       |       |       |       |       ||    25
       Scale mail        |       |    36 |    52 |   194 |       |       |       |       |       ||   282
       Crystal plate arm |       |       |       |    95 |   784 |   637 |  1060 |  1636 |   304 ||  4516
Dodge: Dodged            |    74 |    55 |    73 |   365 |   237 |   229 |   366 |   619 |   115 ||  2133
Block: Other             |    15 |    35 |    43 |   175 |   391 |   197 |   240 |   235 |     1 ||  1332
       Reflection        |       |       |       |       |    13 |   126 |     7 |    16 |    11 ||   173
       Buckler           |       |       |       |       |    42 |   893 |       |       |       ||   935
       Kite shield       |       |       |       |       |       |       |   729 |  1021 |       ||  1750
       Tower shield      |       |       |       |       |       |       |       |   616 |   821 ||  1437
